 Dungeon Crawl Stone Soup version 0.19.5-1-g796a6487f8 (webtiles) character file.

1648224 Scion2EveryRL the Conqueror (level 25, 257/257 HPs)
             Began as a Minotaur Fighter on Oct 18, 2019.
             Was an Initiate of Gozag.
             Escaped with the Orb
             ... and 3 runes!
             The game lasted 02:17:07 (68262 turns).

Scion2EveryRL the Conqueror (Minotaur Fighter)     Turns: 68262, Time: 02:17:08

Health: 257/257    AC: 33    Str: 35    XL:     25   Next: 44%
Magic:  31/31      EV: 21    Int:  5    God:    Gozag
Gold:   224        SH: 10    Dex: 18    Spells: 0 memorised, 24 levels left

rFire  + + .     SeeInvis .     G - +4 demon trident (protect)
rCold  + + +     Gourm    .     U - +0 gold dragon scales
rNeg   + . .     Faith    .     N - +2 buckler "Beisch Liexus" {rElec rC+ Str+4}
rPois  +         Spirit   .     (helmet restricted)
rElec  +         Reflect  .     T - +0 cloak {MR+}
rCorr  .         Harm     .     w - +1 pair of gloves {Dex+3}
MR     +++++     Clarity  +     V - +2 pair of boots {Fly}
Stlth  ..........               k - amulet of the Four Winds {rN+ MR+++ Clar}
                                s - ring of protection from fire
                                o - ring of Inyjuw {rElec rC++ Str+3}

@: flying, studying Shields, bribing [the Dungeon, the Realm of Zot]
A: retaliatory headbutt, horns 2
a: Potion Petition, Call Merchant, Bribe Branch, Renounce Religion, Stop Flying
0: Orb of Zot
}: 3/15 runes: barnacled, silver, gossamer


You escaped.
You worshipped Gozag.
Gozag was aware of your devotion.
You were not hungry.

You visited 10 branches of the dungeon, and saw 50 of its levels.
You visited the Abyss 1 time.
You visited 1 bazaar.
You also visited: Ice Cave.

You collected 28896 gold pieces.
You spent 6942 gold pieces at shops.
You paid 21730 gold pieces to Gozag.

Inventory:

Hand Weapons
 r - a +0 blowgun
 G - a +4 demon trident of protection (weapon)
Missiles
 b - 4 throwing nets (quivered)
 W - 7 curare-tipped needles
Armour
 w - a +1 pair of gloves of dexterity (worn)
 N - the +2 buckler "Beisch Liexus" (worn) {rElec rC+ Str+4}
   (You bought it in a shop on level 1 of the Spider Nest)

   It affects your strength (+4).
   It protects you from cold.
   It insulates you from electricity.
 T - a +0 cloak of magic resistance (worn)
 U - +0 gold dragon scales (worn)
 V - a +2 pair of boots of flying (worn)
 Z - +1 fire dragon scales
Jewellery
 k - the amulet of the Four Winds (around neck) {rN+ MR+++ Clar}
   (You bought it in a shop in a bazaar)

   [amulet of nothing]

   It protects you from negative energy.
   It affects your resistance to hostile enchantments.
   It protects you against confusion.
 o - the ring of Inyjuw (left hand) {rElec rC++ Str+3}
   (You bought it in a shop in a bazaar)

   [ring of strength]

   It affects your strength (+3).
   It greatly protects you from cold.
   It insulates you from electricity.
 s - a ring of protection from fire (right hand)
 A - an uncursed ring of protection from magic
 D - an uncursed amulet of regeneration
 I - an uncursed ring of resist corrosion
Wands
 c - a wand of iceblast (13/15)
 e - a wand of lightning (7/15)
 g - a wand of enslavement (16/24)
 m - a wand of heal wounds (8/9)
 n - a wand of acid (2/15)
 t - a wand of disintegration (18/24)
 C - a wand of acid (12/15)
 M - a wand of digging (18/24)
 O - a wand of teleportation (9/9)
 Q - a wand of disintegration (8/24)
Scrolls
 h - 3 scrolls of silence
 j - 18 scrolls of remove curse
 l - 11 scrolls of teleportation
 q - 3 scrolls of blinking
 u - 5 scrolls of fear
 E - a scroll of fog
 P - a scroll of magic mapping
 X - 2 scrolls of holy word
 Y - 4 scrolls of identify
Potions
 a - a potion of agility
 d - 10 potions of might
 i - a potion of cancellation
 v - 2 potions of cure mutation
 x - 12 potions of heal wounds
 z - 9 potions of lignification
 B - 13 potions of curing
 F - 5 potions of magic
 H - 6 potions of ambrosia
 K - 2 potions of berserk rage
 L - 5 potions of haste
 S - 4 potions of resistance
Books
 J - a manual of Shields
Miscellaneous
 p - a phial of floods
 y - 6 sacks of spiders
Comestibles
 f - 16 bread rations
 R - a meat ration


   Skills:
 O Level 27 Fighting
 - Level 20.3 Polearms
 + Level 23.3 Armour
 + Level 20.5 Dodging
 - Level 11.0 Stealth
 - Level 15.0 Shields
 - Level 12.2 Evocations


You had 24 spell levels left.
You didn't know any spells.

Dungeon Overview and Level Annotations

Branches:
Dungeon (15/15)            Temple (1/1) D:4            Lair (6/6) D:8
 Shoals (4/4) Lair:2       Spider (4/4) Lair:4        Slime (0/5) Lair:6
    Orc (2/2) D:9             Elf (3/3) Orc:2        Vaults (5/5) D:13
  Crypt (0/3) Vaults:2     Depths (5/5) D:15            Zot (5/5) Depths:5

Altars:
Ashenzari
Cheibriados
Dithmenos
Fedhas
Gozag
Nemelex Xobeh
Qazlal
Ru
Sif Muna
Trog
Xom
Yredelemnul
Zin
The Shining One
Beogh

Shops:
D:10 [   Orc:2 =(:(}   Elf:2 *   Elf:3 =   Spider:1 ![   Vaults:1 %
Vaults:4 [   Depths:1 =   Depths:2 *

Portals:
Hell: Depths:1 Depths:2 Depths:3 Depths:4 Depths:5
Abyss: Depths:1 Depths:2 Depths:4
Pandemonium: Depths:3
Ziggurat: Depths:3

Annotations:
Lair:6 exclusion: oklob plant


Innate Abilities, Weirdness & Mutations

You reflexively headbutt those who attack you in melee.
You have a pair of horns on your head.


Message History

The worker ant dies!
You swap places.
You swap places.
There is a stone staircase leading up here.
You fly upwards.
There is a stone staircase leading down here.
You swap places.
You see here a flail.
There is a stone staircase leading up here.
You fly upwards.
There is a stone staircase leading down here.
You swap places.
There is a stone staircase leading up here.
You fly upwards.
There is a stone staircase leading down here.
There is a stone staircase leading up here.
You fly upwards.
There is a stone staircase leading down here.
There is a staircase leading out of the dungeon here.
You have escaped!

####### #....§#
#@..§.# #3...§##
#).....# ######.#
#.# #.# ##.# ####
#..# #...
#####.#########.##


You could see a friendly sun demon.

Vanquished Creatures
  An ancient lich (Vaults:5)
  Mara (Depths:3)
  Bai Suzhen (Shoals:3)
  Boris (twice) (Depths:3 Vaults:5)
  Sojobo (Depths:3)
  Frederick (Depths:3)
  A Killer Klown (Zot:5)
  A caustic shrike (Depths:3)
  Xtahua (Vaults:4)
  Nikola (Depths:1)
  3 golden dragons
  2 bone dragons (Depths:5)
  Jory (Depths:3)
  An electric golem (Zot:5)
  11 Orb Guardians
  5 tentacled monstrosities
  An Ice Fiend (IceCv)
  2 liches
  5 titans
  2 quicksilver dragons
  3 deep elf blademasters (Elf:3)
  An Executioner (Zot:4)
  7 sphinxes
  A deep elf master archer (Elf:3)
  2 death cobs
  A kraken (Shoals:1)
  5 shadow dragons
  9 storm dragons
  7 tengu reavers
  Kirke (D:14)
  6 deep elf sorcerers
  2 draconian monks
  An iron dragon (Vaults:5)
  9 fire giants
  A draconian scorcher (Zot:3)
  Ilsuiw (Shoals:4)
  An orc warlord (Orc:1)
  A cacodemon (Depths:3)
  14 vault wardens
  A draconian knight (Depths:5)
  8 frost giants
  3 ghost moths (Spider:4)
  Aizul (Depths:1)
  A draconian zealot (Zot:1)
  A draconian annihilator (Zot:4)
  3 deep elf elementalists (Elf:3)
  7 emperor scorpions
  A spriggan defender (Depths:3)
  2 entropy weavers
  12 ironheart preservers
  A draconian shifter (Depths:5)
  24 stone giants
  13 very ugly things
  2 green draconians
  2 war gargoyles (Vaults:5)
  6 vampire knights
  12 deep elf demonologists
  4 yellow draconians
  2 starcursed masses (Abyss:4)
  A juggernaut skeleton (Depths:1)
  5 black draconians
  3 white draconians
  A purple draconian (Depths:5)
  3 red draconians
  6 deep elf annihilators
  5 merfolk javelineers
  A mottled draconian (Zot:3)
  9 spark wasps
  2 deep elf death magi
  9 fire dragons
  21 ettins
  A blizzard demon (Depths:4)
  12 merfolk impalers
  A crystal guardian (Vaults:4)
  3 jiangshi
  15 yaktaur captains
  11 deep elf high priests
  10 great orbs of eyes
  20 vault guards
  Fannar (D:11)
  6 hydras
  A monstrous demonspawn (Depths:3)
  8 rakshasas
  4 spriggan air magi
  4 death knights
  12 ice dragons
  7 centaur warriors
  2 satyrs
  A catoblepas (Lair:6)
  3 tengu warriors
  A merfolk avatar (Shoals:4)
  3 merfolk aquamancers
  5 orc high priests
  9 deep troll earth magi
  10 ogre magi
  3 spriggan berserkers
  12 deep troll shamans
  A queen ant (Lair:2)
  7 death yaks (Lair:6)
  A thrashing horror (Abyss:4)
  6 hell knights (Depths:5)
  3 vampire magi
  A shock serpent (shapeshifter) (Depths:1)
  20 deep elf knights
  Sonja (D:15)
  A titan skeleton (Vaults:4)
  A shadow wraith (Vaults:1)
  A storm dragon zombie (Vaults:2)
  A sixfirhy (Abyss:4)
  4 iron trolls
  3 flayed ghosts
  12 sea snakes
  An unseen horror (shapeshifter) (D:13)
  An entropy weaver zombie (Vaults:2)
  A swamp dragon (shapeshifter) (Vaults:5)
  22 deep trolls
  A glowing orange brain (Depths:1)
  An unseen horror (D:10)
  11 deep elf archers
  Pikel (D:6)
  27 harpies
  A sphinx zombie (Depths:1)
  8 wizards
  An obsidian statue (Zot:5)
  3 hill giants
  13 orc knights
  5 phantasmal warriors
  54 deep elf magi
  21 ironbrand convokers
  8 necromancers
  38 wolf spiders
  15 orb spiders
  A fire giant zombie (Depths:1)
  A frost giant zombie (Vaults:2)
  12 cyclopes
  A shining eye (Abyss:4)
  10 fauns
  7 orc sorcerers
  A salamander (shapeshifter) (Vaults:2)
  20 manticores
  A stone giant zombie (Vaults:4)
  59 ugly things
  A salamander (Depths:5)
  7 sirens
  An ice statue (IceCv)
  22 vault sentinels
  A guardian serpent (shapeshifter) (Vaults:4)
  A rust devil (Depths:3)
  3 black mambas
  6 elephants (Lair:5)
  4 moths of wrath
  A spiny frog (shapeshifter) (Vaults:4)
  7 water nymphs
  A storm dragon simulacrum (Vaults:2)
  3 torpor snails (Spider:2)
  2 black mambas (shapeshifter)
  12 spiny frogs
  2 rime drakes
  6 freezing wraiths
  An efreet (D:13)
  A spriggan zombie (Depths:1)
  A human zombie (Vaults:2)
  2 centaur skeletons
  24 demonic crawlers
  6 komodo dragons
  57 yaktaurs
  7 ice devils
  4 kobold demonologists
  2 tengu conjurers (Depths:2)
  2 anaconda simulacra (IceCv)
  An ancient zyme (Abyss:4)
  2 jumping spiders (shapeshifter)
  A queen bee (D:10)
  6 trolls
  23 merfolk
  45 jumping spiders
  6 polar bears
  A meliai (shapeshifter) (Vaults:5)
  3 trolls (shapeshifter)
  2 queen bees (shapeshifter)
  20 hornets
  A raiju (shapeshifter) (D:15)
  Grinder (D:5)
  4 wind drakes
  A sphinx simulacrum (Vaults:3)
  17 two-headed ogres
  33 blink frogs
  A two-headed ogre (shapeshifter) (Depths:1)
  An ettin zombie (Vaults:2)
  2 frost giant simulacra
  13 slime creatures
  11 dream sheep
  10 hippogriffs
  2 stone giant simulacra
  12 snapping turtles
  8 air elementals
  3 dire elephant simulacra (IceCv)
  64 redbacks
  11 spriggans
  Sigmund (D:2)
  3 shadows
  31 tarantellas
  13 water elementals
  A ynoxinul (Depths:3)
  4 wyverns
  A vampire (D:15)
  2 wraiths
  2 orc simulacra (Vaults:2)
  4 fire elementals
  23 yaks
  7 hogs
  A hog (shapeshifter) (Vaults:2)
  7 vampire mosquitoes
  2 chaos spawn (Depths:3)
  A basilisk (Lair:2)
  3 hungry ghosts
  Menkaure (D:5)
  A death yak simulacrum (IceCv)
  3 harpy simulacra (IceCv)
  A warg (shapeshifter) (Vaults:1)
  6 mottled dragons
  5 wargs
  A soldier ant (shapeshifter) (Vaults:3)
  3 hydra simulacra (IceCv)
  9 soldier ants
  Duvessa (D:6)
  A swamp worm (shapeshifter) (Vaults:5)
  4 iron troll simulacra (IceCv)
  7 water moccasins
  A deep troll skeleton (Vaults:2)
  5 porcupines
  An orc zombie (Vaults:2)
  9 ice beasts
  An alligator simulacrum (IceCv)
  58 ogres
  5 black bears
  32 orc warriors
  5 phantoms
  2 eyes of draining
  2 sky beasts
  4 necrophages
  18 boggarts
  21 wolves
  19 centaurs
  3 human skeletons
  A boggart (shapeshifter) (Vaults:5)
  17 crocodiles
  3 big kobolds
  18 bullfrogs
  4 earth elementals
  A wyvern zombie (D:13)
  Dowan (D:6)
  A water moccasin skeleton (D:6)
  4 scorpions
  2 human simulacra
  An elephant simulacrum (IceCv)
  An elf simulacrum (Vaults:4)
  36 killer bees
  A howler monkey (D:5)
  22 wights
  3 electric eels
  3 crimson imps
  A quasit (D:9)
  5 centaur zombies
  4 bullfrog zombies
  9 hounds
  2 jellies
  19 orc priests
  A gnoll shaman (D:8)
  2 bullfrog skeletons
  4 iguanas
  22 orc wizards
  24 worker ants
  A troll simulacrum (IceCv)
  Terence (D:2)
  A spriggan simulacrum (IceCv)
  2 wolf simulacra (IceCv)
  A hound zombie (D:11)
  2 worker ant zombies
  11 adders
  9 gnolls
  2 naga simulacra (IceCv)
  3 ogre simulacra (IceCv)
  A river rat (D:3)
  3 shadow imps
  9 white imps
  5 ufetubi
  An ooze (D:1)
  An adder skeleton (D:4)
  An adder zombie (D:7)
  5 worms
  The ghost of cecklaslaiya the Shield-Bearer, a weakling FoFi (D:15)
  7 leopard geckos
  90 orcs
  A ball python (D:5)
  9 giant cockroaches
  6 goblins
  13 hobgoblins
  9 jackals
  27 kobolds
  3 quokkas
  6 bats
  6 frilled lizards
  A frilled lizard (shapeshifter) (Depths:3)
  A leopard gecko skeleton (D:4)
  A quokka skeleton (D:8)
  10 rats
  A bush (Abyss:4)
  5 plants
  4 tentacles (Shoals:1)
2162 creatures vanquished.

Vanquished Creatures (collateral kills)
  2 ancient liches (Vaults:5)
  A golden dragon (Vaults:5)
  A tentacled monstrosity (Vaults:5)
  2 Orb Guardians (Zot:5)
  A tengu reaver (Vaults:5)
  3 storm dragons
  A shadow dragon (Vaults:5)
  A draconian shifter (Zot:5)
  A war gargoyle (Vaults:5)
  2 ironheart preservers
  A stone giant (Vaults:4)
  An entropy weaver (Vaults:4)
  A purple draconian (Zot:4)
  A deep elf annihilator (Vaults:5)
  A mottled draconian (Zot:4)
  2 white draconians (Zot:4)
  A deep elf mage (Vaults:5)
  2 moths of wrath
  2 vault sentinels (Vaults:5)
  2 smoke demons (Zot:4)
  A red devil (Zot:1)
  5 hellwings
  2 large abominations (Zot:4)
  An ogre (Vaults:5)
  A worker ant (D:5)
39 creatures vanquished.

Vanquished Creatures (others)
  2 ancient liches (Zot:5)
  An orb of fire (Zot:5)
  A curse toe (Zot:5)
  4 Killer Klowns (Zot:5)
  2 tentacled monstrosities
  7 Orb Guardians (Zot:5)
  A deep elf master archer (Elf:3)
  A titan (Vaults:5)
  A quicksilver dragon (Zot:5)
  A death cob (Zot:4)
  A sphinx (Vaults:5)
  2 storm dragons (Zot:5)
  A draconian monk (Zot:5)
  2 tengu reavers (Vaults:5)
  2 frost giants (Vaults:5)
  2 fire giants (Vaults:5)
  A deep elf sorcerer (Vaults:5)
  2 vault wardens (Vaults:5)
  A draconian caller (Zot:5)
  A green draconian (Zot:5)
  2 deep elf annihilators (Vaults:5)
  2 ettins (Vaults:5)
  A deep elf high priest (Vaults:5)
  4 yaktaur captains (Vaults:5)
  12 vault guards (Vaults:5)
  A satyr (Shoals:4)
  30 dancing weapons
  2 ogre magi (Vaults:5)
  A deep elf knight (Elf:1)
  A deep elf mage (Vaults:2)
  A wolf spider (Vaults:5)
  2 fauns (Shoals:2)
  2 cyclopes
  A moth of wrath (Zot:5)
  A vault sentinel (Vaults:1)
  12 yaktaurs
  A harpy zombie (D:15)
  A two-headed ogre (Vaults:5)
  A small abomination (Abyss:4)
  An ice beast (D:6)
  2 slaves (D:6)
  4 ogres (Vaults:5)
  5 centaurs (D:14)
  A bullfrog (D:15)
  A shadow imp (D:6)
  2 white imps (IceCv)
  An orc (D:6)
  A kobold (D:14)
  2 demonic plants (Abyss:4)
  22 fungi
  17 plants
  9 tentacles (Shoals:1)
182 creatures vanquished.

Grand Total: 2383 creatures vanquished

Notes
Turn   | Place    | Note
-------+----------+-------------------------------------------
     0 | D:1      | Scion2EveryRL the Minotaur Fighter began the quest for the Orb.
     0 | D:1      | Reached XP level 1. HP: 19/19 MP: 0/0
   194 | D:1      | Reached XP level 2. HP: 26/26 MP: 1/1
   756 | D:2      | Reached XP level 3. HP: 26/31 MP: 2/2
   787 | D:2      | Noticed Sigmund
  1020 | D:2      | Reached skill level 5 in Polearms
  1049 | D:2      | Noticed Terence
  1062 | D:2      | Killed Terence
  1062 | D:2      | Reached XP level 4. HP: 34/39 MP: 3/3
  1499 | D:3      | Reached XP level 5. HP: 33/45 MP: 4/4
  1973 | D:3      | Reached skill level 4 in Fighting
  2609 | D:4      | Got a pair of faintly humming gloves
  2754 | D:4      | Found a staircase to the Ecumenical Temple.
  2762 | Temple   | Entered the Ecumenical Temple
  2783 | Temple   | Became a worshipper of Gozag Ym Sagoz the Greedy
  2935 | D:2      | Killed Sigmund
  2935 | D:2      | Reached skill level 6 in Fighting
  2935 | D:2      | Reached XP level 6. HP: 51/57 MP: 5/5
  3221 | D:5      | Entered Level 5 of the Dungeon
  3451 | D:4      | Reached skill level 7 in Fighting
  3536 | D:4      | Reached XP level 7. HP: 65/66 MP: 6/6
  3655 | D:5      | Noticed Menkaure
  3771 | D:4      | Reached skill level 8 in Fighting
  3867 | D:5      | Killed Menkaure
  3880 | D:5      | Reached skill level 9 in Fighting
  3918 | D:5      | Reached skill level 1 in Dodging
  3933 | D:5      | Identified the -3 pair of gloves of Seodea {*Corrode +Blink rF+} (You found it on level 4 of the Dungeon)
  3976 | D:5      | Reached XP level 8. HP: 78/78 MP: 7/7
  4125 | D:5      | Found a deep blue altar of Sif Muna.
  4128 | D:5      | Found a shattered altar of Ashenzari.
  4215 | D:5      | Found a sparkling altar of Nemelex Xobeh.
  4266 | D:5      | Reached skill level 5 in Armour
  4273 | D:5      | Noticed Grinder
  4286 | D:5      | Paralysed by Grinder for 4 turns
  4303 | D:5      | Killed Grinder
  4581 | D:6      | Noticed Pikel
  4606 | D:6      | Killed Pikel
  4606 | D:6      | Reached skill level 5 in Dodging
  4606 | D:6      | Reached XP level 9. HP: 84/84 MP: 8/8
  4931 | D:6      | Noticed Dowan
  4932 | D:6      | Noticed Duvessa
  4948 | D:6      | Killed Duvessa
  4951 | D:6      | Killed Dowan
  5615 | D:7      | Found a shadowy altar of Dithmenos.
  5723 | D:7      | Found a stormy altar of Qazlal.
  6081 | D:7      | Found a sacrificial altar of Ru.
  6391 | D:7      | Found a glowing silver altar of Zin.
  6804 | D:8      | Found a staircase to the Lair.
  6971 | D:9      | Reached XP level 10. HP: 77/90 MP: 9/9
  7126 | D:9      | Reached skill level 10 in Polearms
  7485 | D:9      | Found a staircase to the Orcish Mines.
  7655 | D:9      | Reached skill level 10 in Fighting
  8015 | D:10     | Entered Level 10 of the Dungeon
  8770 | D:10     | Reached skill level 11 in Fighting
  8851 | D:10     | Killed an unseen horror
  8957 | D:10     | Reached XP level 11. HP: 93/102 MP: 10/10
  9777 | D:11     | Reached skill level 5 in Shields
  9894 | D:11     | Noticed Fannar
  9979 | D:11     | Killed Fannar
 10328 | D:11     | Reached skill level 10 in Armour
 10464 | D:11     | Reached skill level 12 in Fighting
 10498 | D:11     | Noticed a white ugly thing
 10529 | D:11     | Killed a white ugly thing
 10778 | D:11     | Noticed a purple ugly thing
 10795 | D:11     | Killed a purple ugly thing
 10962 | Lair:1   | Entered Level 1 of the Lair of Beasts
 12121 | Lair:2   | Found a staircase to the Shoals.
 12196 | Lair:2   | Noticed a six-headed hydra
 12262 | Lair:2   | Killed a six-headed hydra
 12685 | Lair:2   | Noticed a queen ant
 12727 | Lair:2   | Killed a queen ant
 12727 | Lair:2   | Reached XP level 12. HP: 85/113 MP: 11/11
 13838 | D:10     | Bought +0 gold dragon scales for 1280 gold pieces
 14073 | Lair:3   | Noticed a four-headed hydra
 14103 | Lair:3   | Killed a four-headed hydra
 15324 | Lair:4   | Found a hole to the Spider Nest.
 15696 | Lair:4   | Got a smelly plate armour
 15707 | Lair:4   | Identified the +4 plate armour of Duck's Teeth {+Blink rN++ MP+9 Str-4} (You found it on level 4 of the Lair of Beasts)
 16852 | Lair:5   | Reached XP level 13. HP: 118/119 MP: 12/12
 17217 | Lair:6   | Entered Level 6 of the Lair of Beasts
 17268 | Lair:6   | Reached skill level 10 in Dodging
 17743 | Lair:6   | Identified the Handbook of Snow and Heat
 17874 | Lair:6   | Reached skill level 10 in Shields
 18732 | Lair:6   | Found a staircase to the Slime Pits.
 18793 | Lair:6   | Reached XP level 14. HP: 127/127 MP: 13/13
 19242 | Orc:1    | Entered Level 1 of the Orcish Mines
 19357 | Orc:2    | Entered Level 2 of the Orcish Mines
 19366 | Orc:2    | Found a roughly hewn altar of Beogh.
 19576 | Orc:2    | Found Fiown's Jewellery Boutique.
 19585 | Orc:2    | Bought the ring "Awizagiu" {rElec rPois Dex+6} for 838 gold pieces
 19591 | Orc:2    | Noticed an orc warlord
 19783 | Orc:1    | Killed an orc warlord
 19850 | Orc:2    | Reached skill level 15 in Armour
 19872 | Orc:2    | Found a staircase to the Elven Halls.
 19938 | Orc:2    | Found a roughly hewn altar of Beogh.
 20142 | Orc:2    | Paralysed by an orc sorcerer for 5 turns
 20178 | Orc:2    | Paralysed by an orc sorcerer for 5 turns
 20332 | Orc:2    | Found Kihoqupu's Gadget Emporium.
 20522 | Orc:2    | Found Atonn's Antique Weapon Boutique.
 20556 | Orc:2    | Found Kapnuh's Book Boutique.
 20558 | Orc:2    | Found Kimuqit's Antique Weapon Emporium.
 20593 | Orc:2    | Bought a glowing demon blade for 567 gold pieces
 20599 | Orc:2    | Bought a wand of heal wounds (4/9) for 624 gold pieces
 21022 | D:10     | Bought a +2 chain mail of magic resistance for 344 gold pieces
 22234 | D:13     | Found a gate to the Vaults.
 23202 | D:14     | Reached XP level 15. HP: 83/134 MP: 14/14
 24084 | D:15     | Entered Level 15 of the Dungeon
 24158 | D:15     | Noticed Kirke
 24720 | D:14     | Killed Kirke
 25514 | D:14     | Reached skill level 13 in Fighting
 25842 | D:15     | Found a snail-covered altar of Cheibriados.
 25984 | D:15     | Found a staircase to the Depths.
 26046 | D:15     | Found a shadowy altar of Dithmenos.
 26069 | D:15     | Noticed cecklaslaiya's ghost (weakling FoFi)
 26077 | D:15     | Killed cecklaslaiya's ghost
 26118 | D:15     | Noticed Sonja
 26144 | D:15     | Killed Sonja
 27317 | Spider:1 | Entered Level 1 of the Spider Nest
 27334 | Spider:1 | Bought a potion of ambrosia for 96 gold pieces
 27334 | Spider:1 | Bought a potion of might for 48 gold pieces
 27334 | Spider:1 | Bought a potion of haste for 120 gold pieces
 27334 | Spider:1 | Bought 2 potions of might for 96 gold pieces
 27334 | Spider:1 | Bought a potion of berserk rage for 60 gold pieces
 27334 | Spider:1 | Bought a potion of magic for 96 gold pieces
 27334 | Spider:1 | Bought a potion of curing for 36 gold pieces
 27334 | Spider:1 | Bought 2 potions of might for 96 gold pieces
 27424 | Spider:1 | Bought a pair of runed boots for 430 gold pieces
 27438 | Spider:1 | Bought an ichor-stained buckler for 389 gold pieces
 27452 | Spider:1 | Identified the +2 buckler "Beisch Liexus" {rElec rC+ Str+4} (You bought it in a shop on level 1 of the Spider Nest)
 27585 | Spider:1 | Reached skill level 1 in Stealth
 28559 | Spider:2 | Reached skill level 14 in Fighting
 29521 | Spider:2 | Reached XP level 16. HP: 147/147 MP: 15/15
 29687 | Spider:2 | Reached skill level 5 in Stealth
 29957 | Spider:2 | Reached skill level 15 in Fighting
 30254 | Spider:3 | Reached skill level 15 in Polearms
 30354 | Spider:3 | Identified the Incunabulum of Conjuration and Contamination
 31127 | Spider:4 | Entered Level 4 of the Spider Nest
 31153 | Spider:4 | Found a frozen archway.
 31163 | IceCv    | Entered an ice cave
 32309 | IceCv    | Noticed an Ice Fiend
 32352 | IceCv    | Reached skill level 16 in Fighting
 32359 | IceCv    | Killed an Ice Fiend
 34641 | Spider:4 | Reached skill level 17 in Fighting
 34645 | Spider:4 | Reached XP level 17. HP: 161/161 MP: 16/16
 35246 | Spider:4 | Got a gossamer rune of Zot
 35543 | Shoals:1 | Entered Level 1 of the Shoals
 35738 | Shoals:1 | Noticed a kraken
 35763 | Shoals:1 | Killed a kraken
 36301 | Shoals:1 | Noticed a titan
 36446 | Shoals:1 | Killed a titan
 36760 | Shoals:2 | Reached skill level 1 in Evocations
 37260 | Shoals:2 | Reached skill level 15 in Shields
 37832 | Shoals:3 | Noticed Bai Suzhen
 37863 | Shoals:3 | Reached skill level 5 in Evocations
 37869 | Shoals:3 | Killed Bai Suzhen
 38136 | Shoals:3 | Reached XP level 18. HP: 164/171 MP: 21/21
 38668 | Shoals:4 | Entered Level 4 of the Shoals
 38685 | Shoals:4 | Reached skill level 18 in Fighting
 39003 | Shoals:4 | Reached skill level 15 in Dodging
 39086 | Shoals:4 | Noticed Ilsuiw
 39104 | Shoals:4 | Killed Ilsuiw
 39548 | Shoals:4 | Got a barnacled rune of Zot
 39958 | Shoals:4 | Reached skill level 19 in Fighting
 40441 | Vaults:1 | Entered Level 1 of the Vaults
 40978 | Vaults:1 | Noticed a lich
 40986 | Vaults:1 | Killed a lich
 41193 | Vaults:1 | Found Muihank's Food Emporium.
 42023 | Vaults:2 | Reached XP level 19. HP: 182/182 MP: 22/22
 43104 | Vaults:2 | Reached skill level 20 in Fighting
 43123 | Vaults:2 | HP: 9/185 [ogre mage/crystal spear (39)]
 43630 | Vaults:2 | Found a staircase to the Crypt.
 44502 | Vaults:2 | Reached skill level 21 in Fighting
 45173 | Vaults:3 | Reached XP level 20. HP: 200/200 MP: 23/23
 45282 | Vaults:3 | Reached skill level 22 in Fighting
 45490 | Vaults:3 | Identified a scroll of acquirement
 46439 | Vaults:4 | Noticed Xtahua
 46536 | Vaults:4 | Killed Xtahua
 46809 | Vaults:4 | Reached skill level 23 in Fighting
 47449 | Vaults:4 | Reached skill level 24 in Fighting
 48533 | Vaults:4 | Reached XP level 21. HP: 206/216 MP: 24/24
 48566 | Vaults:4 | Found Ehietse's Armour Shoppe.
 49092 | Elf:1    | Entered Level 1 of the Elven Halls
 49134 | Elf:1    | Reached skill level 25 in Fighting
 49668 | Elf:1    | Identified the ring "Ifroy" {Wiz rF+ MR+ Str-5} (You found it on level 1 of the Elven Halls)
 49971 | Elf:2    | Found Hunil Detis's Assorted Antiques.
 49990 | Elf:2    | Bought a scroll of enchant armour for 292 gold pieces
 49991 | Elf:2    | Bought a scroll of enchant weapon for 292 gold pieces
 50306 | Elf:2    | Found a huge runed gate.
 50306 | Elf:2    | Found a huge runed gate.
 50306 | Elf:2    | Found a huge runed gate.
 50307 | Elf:2    | Found a huge runed gate.
 50316 | Elf:2    | Found a huge runed gate.
 50659 | Elf:2    | Reached skill level 26 in Fighting
 51189 | Elf:3    | Entered Level 3 of the Elven Halls
 52252 | Elf:3    | Reached skill level 27 in Fighting
 52825 | Elf:3    | Identified Further Progress in Spellweaving
 53280 | Elf:3    | Identified the cursed +1 chain mail of the Gusle {Slay+3} (You found it on level 3 of the Elven Halls)
 53377 | Elf:3    | Found Jueleo's Jewellery Emporium.
 53588 | Elf:3    | Identified the +6 ring mail of Zin's Pride {MR+ Regen+ Str-5 Int+6} (You took it off a deep elf high priest on level 3 of the Elven Halls)
 54111 | Depths:1 | Entered Level 1 of the Depths
 54125 | Depths:1 | Reached XP level 22. HP: 233/233 MP: 26/26
 54202 | Depths:1 | Noticed Nikola
 54227 | Depths:1 | Killed Nikola
 54306 | Depths:1 | Found a gateway to Hell.
 54326 | Depths:1 | Noticed Aizul
 54344 | Depths:1 | Killed Aizul
 54977 | Depths:1 | Found Hudiw's Jewellery Boutique.
 55124 | Depths:1 | Found a one-way gate to the infinite horrors of the Abyss.
 56634 | Depths:2 | Found Piogu's Assorted Antiques.
 56833 | Depths:2 | Bought a potion of haste for 300 gold pieces
 56833 | Depths:2 | Bought a scroll of enchant weapon for 225 gold pieces
 57335 | Depths:3 | Noticed Sojobo
 57437 | Depths:3 | Killed Sojobo
 57437 | Depths:3 | Reached skill level 10 in Evocations
 57461 | Depths:3 | Found a flickering gateway to a bazaar.
 57470 | Bazaar   | Entered a bazaar
 57506 | Bazaar   | Found Deicusuh's Jewellery Boutique.
 57512 | Bazaar   | Bought the amulet of the Four Winds {rN+ MR+++ Clar} for 269 gold pieces
 57521 | Bazaar   | Bought the ring of Inyjuw {rElec rC++ Str+3} for 424 gold pieces
 57671 | Bazaar   | Found Cinuneth's Antique Weapon Emporium.
 57688 | Bazaar   | Found Peogilut's Book Boutique.
 57705 | Bazaar   | Found Piomoqaw's Magic Scroll Shoppe.
 57728 | Bazaar   | Bought a scroll of identify for 20 gold pieces
 58005 | Depths:3 | Found a one-way gate leading to the halls of Pandemonium.
 58102 | Depths:3 | Noticed Frederick
 58134 | Depths:3 | Killed Frederick
 58134 | Depths:3 | Reached XP level 23. HP: 30/240 MP: 29/29
 58542 | Depths:3 | Noticed a caustic shrike
 58564 | Depths:3 | Killed a caustic shrike
 58905 | Depths:3 | Noticed Mara
 58907 | Depths:3 | Noticed Scion2EveryRL's illusion
 59025 | Depths:3 | Noticed Scion2EveryRL's illusion
 59033 | Depths:3 | Killed Mara
 59313 | Depths:3 | Noticed Boris
 59332 | Depths:3 | Killed Boris
 59817 | Depths:3 | Noticed Jory
 59820 | Depths:3 | Cast into level 4 of the Abyss (Jory)
 59975 | Abyss:4  | Gained mutation: You are resistant to hostile enchantments. (MR+) [a shining eye]
 60016 | Depths:3 | Escaped the Abyss
 60053 | Depths:3 | Killed Jory
 60157 | Depths:3 | Found a gateway to a ziggurat.
 61350 | Depths:4 | Found a shimmering altar of Xom.
 61928 | Vaults:5 | Entered Level 5 of the Vaults
 62578 | Vaults:5 | Noticed an ancient lich
 62619 | Vaults:5 | Killed an ancient lich
 62676 | Vaults:5 | Noticed Boris
 62679 | Vaults:5 | Noticed an ancient lich
 62791 | Vaults:5 | Reached XP level 24. HP: 248/249 MP: 31/31
 62792 | Vaults:5 | Killed an ancient lich
 62805 | Vaults:5 | Killed Boris
 62806 | Vaults:5 | Noticed an ancient lich
 62820 | Vaults:5 | Killed an ancient lich
 63175 | Vaults:5 | Identified the ring of the Salmon {rPois Slay+2} (You took it off an ironheart preserver on level 5 of the Vaults)
 63657 | Vaults:5 | Got a silver rune of Zot
 64035 | Depths:5 | Entered Level 5 of the Depths
 64392 | Depths:5 | Reached skill level 10 in Stealth
 64830 | Depths:5 | Found a gate to the Realm of Zot.
 65713 | Zot:1    | Entered Level 1 of the Realm of Zot
 66272 | Zot:3    | Reached XP level 25. HP: 149/257 MP: 31/31
 66620 | Zot:5    | Entered Level 5 of the Realm of Zot
 66871 | Zot:5    | Noticed an ancient lich
 67025 | Zot:5    | Noticed an orb of fire
 67109 | Zot:5    | Killed an ancient lich
 67286 | Zot:5    | Noticed an orb of fire
 67359 | Zot:5    | Killed an orb of fire
 67622 | Zot:5    | Got the Orb of Zot
 67672 | Zot:5    | Gained mutation: You are occasionally teleported next to monsters. [a neqoxec]
 67674 | Zot:4    | Lost mutation: You are resistant to hostile enchantments. (MR+) [potion of cure mutation]
 67674 | Zot:4    | Lost mutation: You are occasionally teleported next to monsters. [potion of cure mutation]
 68262 | D:$      | Escaped with the Orb!

Skill      XL: |  1  2  3  4  5  6  7  8  9 10 11 12 13 14 15 16 17 18 19 20 21 22 23 24 25 |
---------------+----------------------------------------------------------------------------+-----
Polearms       | 3 4 5 6 9 12 14 16 17 18 20 | 20.3
Shields        | 4 7 8 10 13 14 15 | 15.0
Fighting       | 6 7 9 11 12 14 17 19 21 24 27 | 27.0
Armour         | 4 7 9 10 13 14 16 17 19 20 21 22 23 | 23.3
Dodging        | 2 5 7 9 11 13 14 15 16 17 19 20 | 20.5
Stealth        | 4 5 7 11 | 11.0
Evocations     | 6 7 10 12 | 12.2

Action                   |  1- 3 |  4- 6 |  7- 9 | 10-12 | 13-15 | 16-18 | 19-21 | 22-24 | 25-27 || total
-------------------------+-------+-------+-------+-------+-------+-------+-------+-------+-------++-------
Melee: Trident           |    80 |   167 |   407 |  1269 |  2563 |  1467 |       |       |       ||  5953
       Headbutt          |    12 |    19 |    70 |   284 |   702 |   673 |   601 |   665 |    71 ||  3097
       Unarmed           |       |       |       |       |    47 |       |       |       |       ||    47
       Demon trident     |       |       |       |       |       |  1015 |  2125 |  2017 |   219 ||  5376
Throw: Throwing net      |     2 |       |     1 |     1 |       |     4 |     3 |     1 |       ||    12
Invok: Potion Petition   |       |       |     1 |     2 |       |     3 |     1 |     5 |       ||    12
       Call Merchant     |       |       |       |     1 |     2 |       |       |       |       ||     3
       Bribe Branch      |       |       |       |       |       |       |       |     1 |     4 ||     5
 Abil: Stop Flying       |       |       |       |       |       |     1 |       |     1 |       ||     2
       Evoke Flight      |       |       |       |       |       |     1 |       |       |     1 ||     2
Evoke: Wand              |       |       |       |       |     3 |     3 |     1 |     6 |       ||    13
  Use: Potion            |       |     4 |       |     1 |       |     1 |       |       |     5 ||    11
       Scroll            |       |     2 |     9 |    16 |    10 |    10 |    19 |    24 |     2 ||    92
 Stab: Held in net/web   |       |       |     1 |       |       |     4 |       |     3 |       ||     8
       Distracted        |       |       |     1 |     2 |    12 |    17 |    24 |    19 |     9 ||    84
       Petrified         |       |       |       |       |     5 |       |       |       |       ||     5
       Petrifying        |       |       |       |       |     1 |       |       |       |       ||     1
       Paralysed         |       |       |       |       |       |       |       |       |     2 ||     2
  Eat: Chunk             |       |     6 |       |       |       |       |       |       |       ||     6
       Meat ration       |       |     1 |       |     7 |     4 |     9 |     3 |     4 |       ||    28
       Beef jerky        |       |       |     2 |     3 |     1 |     1 |     3 |     2 |       ||    12
       Fruit             |       |       |     4 |     3 |     8 |       |     5 |     4 |       ||    24
       Royal jelly       |       |       |     1 |     1 |     6 |       |       |       |       ||     8
       Pizza             |       |       |       |     1 |       |       |     3 |     2 |       ||     6
       Bread ration      |       |       |       |       |       |       |     3 |     4 |       ||     7
Armor: Scale mail        |    19 |    45 |    94 |   267 |       |       |       |       |       ||   425
       Plate armour      |       |       |     2 |       |       |       |       |       |       ||     2
       Gold dragon scale |       |       |       |   173 |   278 |       |    86 |   536 |    52 ||  1125
       Chain mail        |       |       |       |       |   269 |   614 |   146 |       |       ||  1029
Dodge: Dodged            |    20 |    50 |   119 |   435 |   640 |  1151 |   481 |   619 |    83 ||  3598
Block: Shield            |     5 |       |       |    60 |   884 |       |       |       |       ||   949
       Buckler           |     6 |    23 |    54 |   192 |   186 |  1059 |   539 |   536 |    57 ||  2652
       Reflection        |       |       |       |       |    32 |    76 |   104 |    20 |       ||   232
       Other             |       |       |       |       |     1 |       |       |       |       ||     1
